 Dungeon Crawl Stone Soup version 0.28-a0-313-gbc0475efdd (webtiles) character file.

Game seed: 17486512956765907351

23 robertstho the Chopper (level 2, -1/27 HPs)
             Began as a Minotaur Cinder Acolyte on Aug 31, 2021.
             Was a High Priest of Ignis.
             Hit by a stone thrown by a kobold (5 damage)
             ... on level 1 of the Dungeon.
             The game lasted 00:00:53 (669 turns).

robertstho the Chopper (Minotaur Cinder Acolyte)     Turns: 669, Time: 00:00:53

Health: -1/27      AC:  6    Str: 19    XL:     2   Next: 75%
Magic:  2/2        EV:  9    Int: 10    God:    Ignis [*****.]
Gold:   11         SH:  0    Dex:  5    Spells: 2/3 levels left

rFire   + . .      SeeInvis .   a - -1 hand axe (flame)
rCold   . . .      Faith    .   (no shield)
rNeg    . . .      Spirit   .   d - +0 scale mail
rPois   .          Reflect  .   (helmet restricted)
rElec   .          Harm     .   (no cloak)
rCorr   .          Rampage  .   (no gloves)
Will    .....                   (no boots)
Stlth   ..........              (no amulet)
HPRegen 0.09/turn               (no ring)
MPRegen 0.08/turn               (no ring)

@: no status effects
A: horns 2, retaliatory headbutt
a: Renounce Religion, Sea of Fire, Foxfire Swarm, Rising Flame


You were on level 1 of the Dungeon.
You worshipped Ignis.
Ignis was extremely pleased with you.
You visited 1 branch of the dungeon, and saw 1 of its levels.

You collected 11 gold pieces.

Inventory:

Hand Weapons
 a - a -1 hand axe of flaming (weapon)
Armour
 d - a +0 scale mail (worn)
Scrolls
 b - a scroll of fear {unknown}
 c - a scroll of identify {unknown}


   Skills:
 + Level 4.1 Fighting
 + Level 4.3 Axes
 + Level 0.4 Dodging
 + Level 1.0 Spellcasting
 + Level 0.6 Fire Magic


You had 2 spell levels left.
You knew the following spells:

 Your Spells              Type           Power      Damage    Failure   Level
a - Foxfire               Conj/Fire      4%         2x1d4     69%         1

Your spell library contained the following spells:

 Spells                   Type           Power      Damage    Failure   Level


Dungeon Overview and Level Annotations

Branches:
Dungeon (1/15)

Altars:


Innate Abilities, Weirdness & Mutations

You have a pair of horns on your head.
You reflexively headbutt those who attack you in melee.


Message History

You kill the goblin!
No target in view!
No target in view!
No target in view!
No target in view!
No target in view!
No target in view!
No target in view!
No target in view!
No target in view!
No target in view!
No target in view!
No target in view!
No target in view!
No target in view!
No target in view!
Things that are here:
a +0 club; a goblin corpse A kobold comes into view.
It is wielding a +4 short sword.
The kobold shouts!
The kobold hits you with a +4 short sword.
A kobold is nearby!
A kobold is nearby!
A kobold is nearby!
A kobold is nearby!
You closely miss the kobold. Your headbutt misses the kobold.
The kobold hits you with a +4 short sword.
You hit the kobold but do no damage.
The kobold hits you with a +4 short sword.
You barely miss the kobold.
The kobold hits you with a +4 short sword.
You are too injured to fight recklessly!
You are too injured to fight recklessly!
You are too injured to fight recklessly!
You are too injured to fight recklessly!
Fires begin to smoulder around you!
The kobold hits you with a +4 short sword!
* * * LOW HITPOINT WARNING * * *
The kobold throws a stone.
The stone hits you.
You die...

#####.##.........#...#
#.....######.........#
#.##### ####...####
#.# #...# #.# #..>#
#.# ####.## #.#####
§§§ .# #...§§######K#
#####§§§§§@.§#
##########


You could see a kobold.

Vanquished Creatures
  A bat (D:1)
  4 endoplasms (D:1)
  A giant cockroach (D:1)
  2 goblins (D:1)
  4 hobgoblins (D:1)
  A kobold (D:1)
  A quokka (D:1)
  6 rats (D:1)
20 creatures vanquished.

Notes
Turn   | Place    | Note
-------+----------+-------------------------------------------
     0 | D:1      | robertstho the Minotaur Cinder Acolyte began the quest for
                  | the Orb.
     0 | D:1      | Reached XP level 1. HP: 19/19 MP: 1/1
    94 | D:1      | Reached XP level 2. HP: 18/27 MP: 2/2
   669 | D:1      | Hit by a stone thrown by a kobold

Illustrated notes

Levels and vault maps discovered:
D:1:      dpeg_arrival_fog, layout_loops_cross, nrook_campfire

Skill      XL: |  1  2 |
---------------+-------+-----
Axes           | 4 |  4.3
Fighting       | 4 |  4.1
Dodging        | |  0.4
Spellcasting   | |  1.0
Fire Magic     | |  0.6

Action                   || total
-------------------------++-------
Melee: Hand axe          ||    44
       Headbutt          ||     3
Invok: Sea of Fire       ||     2
Armor: Robe              ||     8
       Scale mail        ||     2
Dodge: Dodged            ||    24

Table legend: (Time is in decaauts)
 A = Elapsed time spent in this place.
 B = Non-inter-level travel time spent in this place.
 C = Inter-level travel time spent in this place.
 D = Time resting spent in this place.
 E = Time spent auto-exploring this place.
 F = Levels seen in this place.
 G = Mean time per level.
                   A        B        C        D        E       F      G
               +--------+--------+--------+--------+--------+-----+--------+
         Total |    673 |    640 |     33 |      0 |    535 |   1 |  673.0 |
       Dungeon |    673 |    640 |     33 |      0 |    535 |   1 |  673.0 |
               +--------+--------+--------+--------+--------+-----+--------+

Top non-repeatable levels by time:
     D:1: 673 daAuts
